 Dungeon Crawl Stone Soup version 0.25.0-45-g978344163c (webtiles) character file.

Game seed: 11109004724221345928

31306 isanghan the Spear-Bearer (level 13, -2/104 HPs)
             Began as a Formicid Abyssal Knight on July 11, 2020.
             Was a High Priest of Lugonu.
             Slain by Jorgrun
             ... wielding a +0 vorpal quarterstaff
              (14 damage)
             ... on level 14 of the Dungeon.
             The game lasted 00:50:17 (18995 turns).

isanghan the Spear-Bearer (FoAK)                   Turns: 18995, Time: 00:50:17

Health: -2/104     AC: 26    Str: 19    XL:     13   Next: 95%
Magic:  16/20      EV:  6    Int: 14    God:    Lugonu [*****.]
Gold:   798        SH: 16    Dex: 11    Spells: 12/12 levels left

rFire    . . .     SeeInvis +   a - +6 trident
rCold    . . .     Gourm    .   w - +0 kite shield
rNeg     . . .     Faith    .   H - +0 plate armour
rPois    .         Spirit   .   (helmet unavailable)
rElec    .         Reflect  +   p - +1 cloak
rCorr    .         Harm     .   m - +1 pair of gloves
MR       +....                  G - +1 pair of boots
Stlth    ..........             F - amulet of reflection
HPRegen  0.27/turn              q - +4 ring of protection
MPRegen  0.17/turn              C - ring of attention (curse)

@: no status effects
A: permanent stasis, dig shafts and tunnels, four strong arms, antennae 3
a: Dig, Shaft Self, Depart the Abyss, Bend Space, Banish, Corrupt, Enter the
Abyss, Renounce Religion


You were on level 14 of the Dungeon.
You worshipped Lugonu.
Lugonu was extremely pleased with you.
You were not hungry.

You visited 1 branch of the dungeon, and saw 14 of its levels.
You visited the Abyss 1 time.
You also visited: Gauntlet.

You collected 798 gold pieces.

Inventory:

Hand Weapons
 a - a +6 trident (weapon)
 k - a +1 spear
 v - a +1 vampiric war axe
 z - a +2 spear of freezing
 V - a +2 battleaxe of draining
 W - a +1 battleaxe of electrocution
Missiles
 l - 3 silver javelins
 s - 3 boomerangs of dispersal
 D - a curare-tipped dart
 E - 12 boomerangs (quivered)
 I - a javelin
 K - a throwing net
 U - 8 poisoned darts
Armour
 b - a +0 leather armour
 m - a +1 pair of gloves (worn)
 p - a +1 cloak (worn)
 w - a +0 kite shield (worn)
 G - a +1 pair of boots (worn)
 H - a +0 plate armour (worn)
 R - +0 fire dragon scales
Magical Staves
 e - an uncursed staff of poison {unknown}
 S - an uncursed staff of wizardry {unknown}
Jewellery
 h - an uncursed ring of positive energy
 q - a +4 ring of protection (left hand)
 C - a cursed ring of attention (right hand)
 F - an amulet of reflection (around neck)
 L - an uncursed ring of poison resistance
 O - an uncursed ring of positive energy
Wands
 i - a wand of flame (61)
 A - a wand of digging (5)
 M - a wand of paralysis (8)
 Y - a wand of polymorph (8)
Scrolls
 d - 4 scrolls of identify
 g - 2 scrolls of amnesia
 o - a scroll of fog
 t - 2 scrolls of magic mapping
 u - 2 scrolls of enchant weapon
 y - 2 scrolls of fear
 N - a scroll of remove curse
 P - 2 scrolls of enchant armour
Potions
 f - 4 potions of curing
 j - 6 potions of flight
 r - 2 potions of invisibility
 x - 4 potions of heal wounds
 B - a potion of cancellation
 J - 3 potions of lignification
 Q - a potion of brilliance
Miscellaneous
 n - a phial of floods (inert)
Comestibles
 c - 31 rations


   Skills:
 + Level 10.5 Fighting
 + Level 13.9 Polearms
 + Level 5.1 Throwing
 + Level 10.3 Armour
 - Level 0.8 Dodging
 - Level 9.1 Shields
 - Level 10.2 Invocations
 + Level 0.7 Evocations


You had 12 spell levels left.
You didn't know any spells.
Your spell library contained the following spells:

 Spells                   Type           Power        Failure   Level  Hunger
 Magic Dart               Conj           #...         99%         1    ##.....
 Searing Ray              Conj           #.....       100%        2    ###....
 Confusing Touch          Hex            #.......     100%        3    ####...
 Dazzling Flash           Conj/Hex       #.....       100%        3    ####...
 Gell's Gravitas          Tloc           #.........   100%        3    ####...
 Fulminant Prism          Conj/Hex       #.........   100%        4    #####..
 Iskenderun's Mystic Bla  Conj/Tloc      #.......     100%        4    #####..
 Petrify                  Tmut/Erth      #.......     100%        4    #####..
 Metabolic Englaciation   Hex/Ice        #.........   100%        5    ######.
 Yara's Violent Unravell  Hex/Tmut       #.........   100%        5    ######.


Dungeon Overview and Level Annotations

Branches:
Dungeon (14/15)            Temple (0/1) D:5            Lair (0/6) D:11
    Orc (0/2) D:12         Vaults (0/5) D:13        Gauntlet (visited)

Altars:
Gozag
Trog

Annotations:
D:2 exclusions: adder and 2 downstairs
D:8 exclusion: 2 downstairs
D:9 2 runed translucent doors
D:10 exclusion: downstairs
D:14 Jorgrun
Abyss:1 Erolcha


Innate Abilities, Weirdness & Mutations

You cannot be hasted, slowed, berserked, paralysed or teleported.
You can dig through walls and to a lower floor.
Your four strong arms can wield two-handed weapons with a shield.
You have a pair of large antennae on your head. (SInv)


Message History

You hit Jorgrun.
Jorgrun is lightly wounded.
You hit Jorgrun.
Jorgrun is moderately wounded.
Jorgrun hits you with a +0 vorpal quarterstaff.
The grasping roots constrict you.
The grasping roots release their grip on you.
You puncture Jorgrun!
Jorgrun is moderately wounded.
You puncture Jorgrun!
Jorgrun is moderately wounded.
Jorgrun gestures at you while chanting. The iron shot hits you!!!
* * * LOW HITPOINT WARNING * * *
Press: ? - help, Shift-Dir - straight line, f - Jorgrun
Aim: Jorgrun, wielding a +0 vorpal quarterstaff and wearing a +2 robe of cold resistance (moderately wounded, chance to defeat MR: 12%) Jorgrun resists with almost no effort.
You feel somewhat more hungry.
Lugonu is no longer ready to corrupt your weapon.
Jorgrun hits you with a +0 vorpal quarterstaff!
You die...

#+# #.# #.#
##.## ##...##
#####..g..#
.......@.# {
.##.###.#####.#
#..........#
#.######.#####.#
#........#
########.# #.#
#.# #.#


You could see Jorgrun.

Vanquished Creatures
  8 vault guards (D:13)
  A centaur warrior (D:11)
  3 two-headed ogres
  A fire crab (Gauntlet)
  10 ugly things
  An oklob plant (D:13)
  A deep elf mage (D:12)
  2 cyclopes (D:11)
  A manticore (D:11)
  A centaur zombie (D:14)
  2 gargoyles
  An apocalypse crab (Gauntlet)
  A merfolk (shapeshifter) (Gauntlet)
  A wind drake (shapeshifter) (Gauntlet)
  Grinder (D:3)
  8 hippogriffs
  A dream sheep (shapeshifter) (Gauntlet)
  3 slime creatures (D:14)
  A shadow (D:14)
  2 wraiths
  2 fire bats (Gauntlet)
  A wyvern (D:14)
  20 yaks
  A basilisk (D:11)
  A hungry ghost (D:11)
  4 vampire mosquitoes (D:12)
  A water moccasin (D:10)
  7 orc warriors
  2 ice beasts
  2 sky beasts
  An eye of draining (D:9)
  2 phantoms
  4 ogres
  10 centaurs
  2 big kobolds
  7 bullfrogs
  A water moccasin zombie (D:5)
  2 scorpions
  6 killer bees (D:12)
  13 wights
  A howler monkey (D:10)
  6 crimson imps
  5 bullfrog zombies
  4 jellies
  6 hounds
  2 quasits
  8 orc priests
  2 bullfrog skeletons (D:5)
  3 centaur skeletons
  A gnoll shaman (D:3)
  12 orc wizards
  12 worker ants
  3 iguanas
  2 hound skeletons
  Robin (D:1)
  7 adders
  8 gnolls
  3 oozes
  4 adder skeletons
  An adder zombie (D:9)
  2 worms
  4 dart slugs
  8 leopard geckos
  41 orcs
  8 bats
  6 giant cockroaches
  22 goblins
  10 hobgoblins
  5 jackals
  12 kobolds
  7 quokkas
  3 frilled lizards
  A leopard gecko skeleton (D:5)
  11 rats
370 creatures vanquished.

Vanquished Creatures (others)
  A minotaur (Gauntlet)
  A centaur warrior (D:11)
  A plant (D:13)
3 creatures vanquished.

Grand Total: 373 creatures vanquished

Notes
Turn   | Place    | Note
-------+----------+-------------------------------------------
     0 | Abyss:1  | isanghan the Formicid Abyssal Knight began the quest for
                  | the Orb.
     0 | Abyss:1  | Reached XP level 1. HP: 18/18 MP: 2/2
    74 | Abyss:1  | Noticed a green very ugly thing
    77 | D:1      | Escaped the Abyss
   264 | D:1      | Reached XP level 2. HP: 22/24 MP: 3/3
   531 | D:1      | Reached * piety under Lugonu
   604 | D:1      | Reached XP level 3. HP: 29/30 MP: 4/4
  1155 | D:2      | Reached XP level 4. HP: 37/38 MP: 5/5
  1380 | D:2      | Reached ** piety under Lugonu
  1390 | D:2      | Reached skill level 3 in Polearms
  1392 | D:2      | Noticed Robin
  2040 | D:1      | Killed Robin
  2325 | D:3      | Reached XP level 5. HP: 40/43 MP: 6/6
  3344 | D:3      | Reached XP level 6. HP: 47/49 MP: 7/7
  3403 | D:3      | Reached skill level 4 in Polearms
  3681 | D:3      | Found an opulent altar of Gozag.
  3820 | D:3      | Reached *** piety under Lugonu
  4149 | D:3      | Reached skill level 5 in Fighting
  4498 | D:4      | Reached XP level 7. HP: 56/56 MP: 8/8
  4751 | D:3      | Reached skill level 5 in Polearms
  5104 | D:4      | Noticed Grinder
  5499 | D:3      | Killed Grinder
  5499 | D:3      | Reached skill level 1 in Throwing
  5499 | D:3      | Reached skill level 1 in Shields
  5499 | D:3      | Reached XP level 8. HP: 43/63 MP: 10/10
  5790 | D:5      | Entered Level 5 of the Dungeon
  5831 | D:5      | Found a bloodstained altar of Trog.
  5911 | D:5      | Found a staircase to the Ecumenical Temple.
  6069 | D:4      | Reached skill level 5 in Armour
  6307 | D:5      | Reached skill level 6 in Polearms
  6918 | D:6      | Reached XP level 9. HP: 21/69 MP: 12/12
  7278 | D:6      | Reached skill level 5 in Invocations
  7701 | D:6      | Reached **** piety under Lugonu
  7776 | D:7      | Reached skill level 7 in Polearms
  8655 | D:8      | Noticed a hippogriff
  8669 | D:8      | Killed a hippogriff
  8669 | D:8      | Reached skill level 5 in Shields
  9273 | D:8      | Reached XP level 10. HP: 77/77 MP: 14/14
  9608 | D:9      | Noticed a two-headed ogre
  9611 | D:9      | Reached skill level 8 in Polearms
  9963 | D:9      | Killed a two-headed ogre
 10375 | D:9      | Found a runed translucent door.
 10378 | D:9      | Found a runed translucent door.
 10378 | D:9      | Found a runed translucent door.
 10421 | D:9      | Reached skill level 9 in Polearms
 10456 | D:9      | Reached ***** piety under Lugonu
 10503 | D:9      | Noticed a rime drake
 10503 | D:9      | Noticed a fire crab
 10507 | D:9      | Noticed an unseen horror
 10546 | D:10     | Entered Level 10 of the Dungeon
 10566 | D:10     | Noticed a two-headed ogre
 10577 | D:10     | Killed a two-headed ogre
 10957 | D:10     | Reached XP level 11. HP: 72/84 MP: 16/16
 11297 | D:10     | Noticed Erolcha
 11302 | D:10     | Banished Erolcha
 11539 | D:10     | Reached skill level 10 in Polearms
 11740 | D:11     | Noticed a centaur warrior
 11745 | D:11     | Noticed a manticore
 12074 | D:11     | Noticed a cyclops
 12092 | D:11     | Killed a cyclops
 12160 | D:11     | Killed a manticore
 12447 | D:11     | Noticed a lindwurm
 12679 | D:11     | Noticed a brown ugly thing
 12705 | D:11     | Killed a brown ugly thing
 12705 | D:11     | Reached skill level 11 in Polearms
 12827 | D:11     | Found a staircase to the Lair.
 12849 | D:11     | Reached XP level 12. HP: 79/92 MP: 18/18
 13018 | D:11     | Killed a centaur warrior
 13181 | D:11     | Noticed a centaur warrior
 13191 | D:11     | Noticed a two-headed ogre
 13194 | D:11     | Banished a centaur warrior
 14193 | D:12     | Found a gate leading to a gauntlet.
 14199 | Gauntlet | Entered a Gauntlet
 14199 | Gauntlet | Found a transporter.
 14199 | Gauntlet | Found a transporter.
 14199 | Gauntlet | Found a transporter.
 14199 | Gauntlet | Noticed a two-headed ogre
 14216 | Gauntlet | a two-headed ogre changed into a manticore
 14222 | Gauntlet | Found a transporter.
 14225 | Gauntlet | Found a transporter.
 14231 | Gauntlet | Found a runed translucent gate.
 14231 | Gauntlet | Found a runed translucent gate.
 14231 | Gauntlet | Found a runed translucent gate.
 14231 | Gauntlet | Noticed a fire crab
 14233 | Gauntlet | Found a transporter.
 14236 | Gauntlet | Found a transporter.
 14245 | Gauntlet | Found a transporter.
 14262 | Gauntlet | Found a transporter.
 14280 | Gauntlet | Found a transporter.
 14283 | Gauntlet | Found a transporter.
 14284 | Gauntlet | Noticed a tengu warrior
 14293 | Gauntlet | Found a transporter.
 14372 | Gauntlet | Noticed a two-headed ogre
 14372 | Gauntlet | a mana viper changed into a two-headed ogre
 14374 | Gauntlet | a two-headed ogre changed into a dream sheep
 14396 | Gauntlet | Noticed a swamp dragon
 14396 | Gauntlet | a floating eye changed into a swamp dragon
 14435 | Gauntlet | a swamp dragon changed into a shining eye
 14508 | Gauntlet | Noticed a fire crab
 14508 | Gauntlet | a komodo dragon changed into a fire crab
 14511 | Gauntlet | a fire crab changed into a dream sheep
 14731 | Gauntlet | Killed a fire crab
 14731 | Gauntlet | Reached skill level 12 in Polearms
 15234 | Gauntlet | Identified the +6 great sword of Tortfeasance {holy, Int+3}
 15234 | Gauntlet | Noticed a minotaur
 15237 | Gauntlet | Banished a minotaur
 15237 | Gauntlet | Reached skill level 10 in Invocations
 15733 | D:12     | Found a staircase to the Orcish Mines.
 16295 | D:13     | Noticed a two-headed ogre
 16302 | D:13     | Killed a two-headed ogre
 16302 | D:13     | Reached XP level 13. HP: 88/101 MP: 20/20
 16510 | D:13     | Found a bloodstained altar of Trog.
 16550 | D:13     | Noticed a vault guard
 16583 | D:13     | Killed a vault guard
 16607 | D:13     | Noticed a vault guard
 16607 | D:13     | Noticed a vault guard
 16628 | D:13     | Killed a vault guard
 16632 | D:13     | Noticed a vault guard
 16674 | D:13     | Killed a vault guard
 16801 | D:13     | Noticed a vault guard
 16835 | D:13     | Killed a vault guard
 16848 | D:13     | Noticed a vault guard
 16866 | D:13     | Killed a vault guard
 16866 | D:13     | Reached skill level 13 in Polearms
 16897 | D:13     | Killed a vault guard
 16977 | D:13     | Noticed a vault guard
 16998 | D:13     | Killed a vault guard
 17023 | D:13     | Noticed a vault guard
 17054 | D:13     | Killed a vault guard
 17054 | D:13     | Reached skill level 10 in Fighting
 17130 | D:13     | Found a gate to the Vaults.
 17359 | D:13     | Reached skill level 10 in Armour
 17382 | D:13     | Reached ****** piety under Lugonu
 18010 | D:14     | Reached skill level 5 in Throwing
 18981 | D:14     | Noticed Jorgrun
 18995 | D:14     | Slain by Jorgrun

Illustrated notes

Levels and vault maps discovered:
D:1:      nicolae_arrival_somewhat_less_tricky_arrival, layout_rooms,
          chequers_jeans, minmay_misc_feat_nine_boxes
D:2:      layout_rooms, bh_walls_and_bars, uniq_robin
D:3:      layout_basic, nicolae_gozag_cash_rules_everything_around_me
D:4:      layout_cave_pools, first_ration, uniq_grinder
D:5:      layout_loops_cross, minmay_temple_entry_purple_smoke, bloody_trog
D:6:      layout_loops_ring
D:7:      layout_cave_pools, minmay_misc_feat_room, grunt_ogre_cave
D:8:      layout_basic
D:9:      minmay_the_grid_triangle_9x9_recursive_2_mashed
          [minmay_the_grid_triangle_9x9_prize_insulated,
          minmay_the_grid_triangle_9x9_zippers_horizontal,
          minmay_the_grid_triangle_9x9_corruption,
          minmay_the_grid_triangle_9x9_fully_insulated_deathbox], layout_rooms
D:10:     layout_basic, uniq_erolcha
D:11:     layout_loops_ring, lair_entry_dummy, minmay_lindwurm_lava
D:12:     layout_loops_cross, david_orc_4, gauntlet_entry_generic
D:13:     layout_basic, erik_vaults_2, lemuel_oklob_altar
D:14:     layout_loops_corners, minmay_door_square, kennysheep_windowed_goal,
          uniq_jorgrun

Skill      XL: |  1  2  3  4  5  6  7  8  9 10 11 12 13 |
---------------+----------------------------------------+-----
Fighting       | 4 5 6 7 8 9 10 | 10.5
Polearms       | 3 4 5 6 7 9 11 12 13 | 13.9
Armour         | 3 4 5 6 7 8 9 10 | 10.3
Invocations    | 3 4 6 7 9 10 | 10.2
Throwing       | 1 2 3 5 |  5.1
Shields        | 1 3 5 8 9 |  9.1
Dodging        | |  0.8
Evocations     | |  0.7

Action                   |  1- 3 |  4- 6 |  7- 9 | 10-12 | 13-15 || total
-------------------------+-------+-------+-------+-------+-------++-------
Melee: Spear             |    92 |   244 |   145 |       |       ||   481
       Trident           |       |       |   236 |   877 |   425 ||  1538
Throw: Stone             |       |     2 |       |       |       ||     2
       Dart              |       |     4 |     7 |    36 |    22 ||    69
       Boomerang         |       |       |       |     7 |    16 ||    23
Invok: Depart the Abyss  |     1 |       |       |       |       ||     1
       Banish            |       |       |       |     4 |     1 ||     5
Evoke: Wand              |       |       |       |     2 |     7 ||     9
       Phial of floods   |       |       |       |       |     1 ||     1
  Use: Scroll            |       |       |     9 |    16 |       ||    25
       Potion            |       |       |       |       |     2 ||     2
 Stab: Distracted        |     1 |       |       |       |       ||     1
       Sleeping          |       |     1 |       |       |       ||     1
  Eat: Chunk             |     1 |     7 |    12 |    22 |     6 ||    48
       Ration            |       |     1 |     1 |     1 |     1 ||     4
Armor: Leather armour    |    15 |    25 |       |       |       ||    40
       Chain mail        |       |    13 |    77 |       |       ||    90
       Plate armour      |       |       |    58 |   245 |    61 ||   364
Dodge: Dodged            |    25 |    98 |    52 |    80 |    20 ||   275
Block: Kite shield       |       |       |   160 |   464 |   114 ||   738
       Reflection        |       |       |     7 |    25 |     5 ||    37
